 Dungeon Crawl Stone Soup version 0.20.0-8-g6b59dc7 (console) character file.

39 removed the Skirmisher (level 3, 0/29 HPs)
             Began as a Mummy Arcane Marksman on May 30, 2017.
             Slain by an adder (3 damage)
             ... on level 2 of the Dungeon.
             The game lasted 00:01:41 (985 turns).

removed the Skirmisher (Mummy Arcane Marksman)       Turns: 985, Time: 00:01:42

Health: 0/29       AC:  2    Str: 14    XL:     3   Next: 26%
Magic:  5/5        EV: 12    Int: 12    God:
Gold:   66         SH:  0    Dex: 12    Spells: 3/4 levels left

rFire    x . .     SeeInvis .   a - +0 whip
rCold    + . .     Gourm    .   (no shield)
rNeg     + + +     Faith    .   f - +0 robe
rPois    ∞         Spirit   .   (no helmet)
rElec    .         Reflect  .   (no cloak)
rCorr    .         Harm     .   (no gloves)
MR       .....                  (no boots)
Stlth    +.........             (no amulet)
Regen    0.1/turn               (no ring)
MPRegen  0.1/turn               (no ring)

@: no status effects
A: no food or potions, fire vulnerability, cold resistance 1, negative energy
resistance 3, torment resistance, unbreathing
a: no special abilities


You were on level 2 of the Dungeon.
You were not hungry.

You visited 1 branch of the dungeon, and saw 2 of its levels.

You collected 66 gold pieces.

Inventory:

Hand Weapons
 a - a +0 whip (weapon)
 i - a +0 flail
Missiles
 d - a throwing net (quivered)
Armour
 f - a +0 robe (worn)
Scrolls
 e - a scroll of teleportation {unknown}
 g - a scroll of amnesia {unknown}
 h - 2 scrolls of identify {unknown}
 j - a scroll of blinking {unknown}
 k - a scroll of remove curse {unknown}
 l - a scroll of immolation {unknown}
 m - a scroll of fog {unknown}
Books
 b - a book of Debilitation

   Spells                             Type                      Level
   a - Corona                         Hexes                        1
   b - Slow                           Hexes                        2
   c - Inner Flame                    Hexes/Fire                   3
   d - Portal Projectile              Hexes/Translocation          3
   e - Cause Fear                     Hexes                        4
   f - Leda's Liquefaction            Hexes/Earth                  4


   Skills:
 + Level 3.2 Fighting
 - Level 1.5 Throwing
 - Level 1.5 Dodging
 - Level 1.3 Spellcasting
 - Level 2.6 Hexes


You had 3 spell levels left.
You knew the following spells:

 Your Spells              Type           Power        Failure   Level  Hunger
a - Corona                Hex            #......      10%         1    N/A

Dungeon Overview and Level Annotations

Branches:
Dungeon (2/15)

Altars:


Innate Abilities, Weirdness & Mutations

You do not eat or drink.
Your flesh is vulnerable to fire.
You are immune to poison.
Your flesh is cold resistant. (rC+)
You are immune to negative energy. (rN+++)
You are immune to unholy pain and torment.
You can survive without breathing.


Message History

The adder closely misses you.
You are too injured to fight recklessly!
You closely miss the adder.
The adder is moderately wounded.
The adder barely misses you. The adder bites you but does no damage.
Throwing (i - inventory):
d - 2 throwing nets (quivered)
Press: ? - help, Shift-Dir - straight line, f/p - adder
Aim: an adder (moderately wounded)
You throw a throwing net. The throwing net misses the adder.
The adder bites you.
* * * LOW HITPOINT WARNING * * *
You are too injured to fight recklessly!
You barely miss the adder.
The adder is moderately wounded.
The adder bites you.
* * * LOW HITPOINT WARNING * * *
You hit the adder.
The adder is severely wounded.
The adder closely misses you. The adder bites you.
You die...

.. #..........
.. ##......##
.. ###
#.......# #.(.
##.##...##
#.... #.##.....
#....##....##.
#.........###..
#.....S......#
#......@.###...
####...#....##.
#.... .......
#..... ......#
....... ......#
##..... ....$.#
##.... .......
##... #...###


You could see an adder.

Vanquished Creatures
  A gnoll (D:1)
  2 dart slugs (D:1)
  2 leopard geckos (D:1)
  A giant cockroach (D:1)
  4 goblins (D:1)
  3 hobgoblins
  A ball python (D:1)
  2 bats
  5 frilled lizards
  2 kobolds
  A rat (D:2)
24 creatures vanquished.

Notes
Turn   | Place    | Note
-------+----------+-------------------------------------------
     0 | D:1      | removed the Mummy Arcane Marksman began the quest for the Orb.
     0 | D:1      | Reached XP level 1. HP: 15/15 MP: 2/2
   137 | D:1      | Reached skill level 2 in Fighting
   139 | D:1      | Reached XP level 2. HP: 19/22 MP: 4/4
   581 | D:1      | Reached skill level 3 in Fighting
   581 | D:1      | Reached XP level 3. HP: 22/29 MP: 5/5
   985 | D:2      | Slain by an adder

Skill      XL: |  1  2 |
---------------+-------+-----
Fighting       | 2 3 |  3.2
Throwing       | |  1.5
Dodging        | |  1.5
Spellcasting   | |  1.3
Hexes          | |  2.6

Action                   || total
-------------------------++-------
Melee: Whip              ||    73
Throw: Javelin           ||    18
       Throwing net      ||     2
Armor: Robe              ||    17
Dodge: Dodged            ||    59
